TOP OF THE 1ST |
Miami Beach Marlins batting - Pitching for Kelowna Heat : RHP Chris Ebersole
|
Pitching: RHP Chris Ebersole
|
|
Batting: RHB Bill Atley
|
0-0: Called Strike 0-1: Ball 1-1: Ball 2-1: Swinging Strike 2-2: Reached on error, E4 (Groundball, 4S, EV 76.9 MPH)
|
Batting: LHB Luis Ortegon
|
0-0: Ball Bill Atley steals 2nd base 1-0: Ball 2-0: Foul Ball, location: 2F 2-1: Ball 3-1: Called Strike 3-2: Foul Ball, location: 2F 3-2: Fly out, F4 (Popup, 4, EV 78.1 MPH)
|
Batting: RHB Torquato Uso
|
0-0: Ball 1-0: Ground out 4-3 (Groundball, 4, EV 85.0 MPH) Bill Atley to third
|
Batting: SHB Emmet Brickowski
|
0-0: Ball 1-0: Called Strike 1-1: Fly out, F8 (Flyball, 89M, EV 83.8 MPH)
|
Top of the 1st over - 0 runs, 0 hits, 1 error, 1 left on base; Miami Beach 0 - Kelowna 0 |
BOTTOM OF THE 1ST |
Kelowna Heat batting - Pitching for Miami Beach Marlins : RHP Jonathan Wheatley
|
Pitching: RHP Jonathan Wheatley
|
|
Batting: RHB Soichi Kaneshiro
|
0-0: Called Strike 0-1: SINGLE (Groundball, 6D, EV 94.4 MPH)
|
Batting: SHB Michael Woodard
|
0-0: Grounds out, U3 (Groundball, 3L, EV 90.0 MPH)
|
Batting: LHB Alex Larangho
|
0-0: Ground out 1-3 (Groundball, 25, EV 66.9 MPH)
|
Batting: RHB Joey Black
|
0-0: Foul Ball, location: 2F 0-1: Swinging Strike 0-2: Ball 1-2: Foul Ball, location: 2F 1-2: Fly out, F7 (Flyball, 7LD, EV 99.4 MPH)
|
Bottom of the 1st over - 0 runs, 1 hit, 0 errors, 1 left on base; Miami Beach 0 - Kelowna 0 |
TOP OF THE 2ND |
Miami Beach Marlins batting - Pitching for Kelowna Heat : RHP Chris Ebersole
|
Batting: RHB Orlando Melendres
|
0-0: Called Strike 0-1: SINGLE (Groundball, 6MD, EV 103.1 MPH)
|
Batting: LHB Henry Huezo
|
0-0: Ball 1-0: Ball 2-0: Called Strike 2-1: SINGLE (Flyball, 6MD, EV 94.4 MPH) Orlando Melendres to second
|
Batting: RHB Timo Myers
|
0-0: Fly out, F8 (Flyball, 8RD, EV 96.2 MPH)
|
Batting: RHB Dustin Baker
|
0-0: Ball 1-0: Fly out, F9 (Line Drive, 9S, EV 91.9 MPH)
|
Batting: RHB Mike Day
|
0-0: Called Strike 0-1: Called Strike 0-2: Strikes out looking
|
Top of the 2nd over - 0 runs, 2 hits, 0 errors, 2 left on base; Miami Beach 0 - Kelowna 0 |
BOTTOM OF THE 2ND |
Kelowna Heat batting - Pitching for Miami Beach Marlins : RHP Jonathan Wheatley
|
Batting: RHB Jose Sanchez
|
0-0: Ball 1-0: Ball 2-0: Ball 3-0: Called Strike 3-1: Foul Ball, location: 2F 3-2: Foul Ball, location: 2F 3-2: Base on Balls
|
Batting: LHB Willy Berrios
|
0-0: Ball 1-0: Ball 2-0: Called Strike 2-1: Foul Ball, location: 2F 2-2: Foul Ball, location: 2F 2-2: Ball 3-2: Strikes out swinging
|
Batting: LHB Robert Leary
|
0-0: Called Strike 0-1: Foul Ball, location: 2F 0-2: Strikes out swinging
|
Batting: RHB Glen Limeburner
|
0-0: Fly out, F9 (Flyball, 9S, EV 80.6 MPH)
|
Bottom of the 2nd over - 0 runs, 0 hits, 0 errors, 1 left on base; Miami Beach 0 - Kelowna 0 |
TOP OF THE 3RD |
Miami Beach Marlins batting - Pitching for Kelowna Heat : RHP Chris Ebersole
|
Batting: RHB Bill Atley
|
0-0: Called Strike 0-1: Ball 1-1: Ball 2-1: Ball 3-1: Called Strike 3-2: Reached on error, E6 (Groundball, 6S, EV 85.0 MPH)
|
Batting: LHB Luis Ortegon
|
0-0: Ball 1-0: Ball 2-0: Ball 3-0: Base on Balls Bill Atley to second
|
Batting: RHB Torquato Uso
|
0-0: Ball 1-0: Called Strike 1-1: Swinging Strike 1-2: Ball 2-2: Foul Ball, location: 2F 2-2: Ball 3-2: Fly out, F7 (Flyball, 7LS, EV 75.0 MPH)
|
Batting: SHB Emmet Brickowski
|
0-0: Swinging Strike 0-1: Called Strike 0-2: Strikes out looking
|
Batting: RHB Orlando Melendres
|
0-0: Called Strike 0-1: SINGLE (Groundball, 34D, EV 108.1 MPH) Bill Atley to third Luis Ortegon to second Runner from 3rd tries for Home, throw by RF and OUT! 9-2
|
Top of the 3rd over - 0 runs, 1 hit, 1 error, 2 left on base; Miami Beach 0 - Kelowna 0 |
BOTTOM OF THE 3RD |
Kelowna Heat batting - Pitching for Miami Beach Marlins : RHP Jonathan Wheatley
|
Batting: RHB Jason Fink
|
0-0: Called Strike 0-1: Ball 1-1: Foul Ball, location: 2F 1-2: Foul Ball, location: 2F 1-2: Ground out 5-3 (Groundball, 5, EV 105.6 MPH)
|
Batting: RHB Soichi Kaneshiro
|
0-0: Ball 1-0: Called Strike 1-1: Ground out 4-3 (Groundball, 4, EV 88.8 MPH)
|
Batting: SHB Michael Woodard
|
0-0: Ball 1-0: Ball 2-0: Ball 3-0: Called Strike 3-1: Foul Ball, location: 2F 3-2: Foul Ball, location: 2F 3-2: Base on Balls
|
Batting: LHB Alex Larangho
|
0-0: Called Strike 0-1: Foul Ball, location: 2F 0-2: Ball 1-2: Ball 2-2: Foul Ball, location: 2F 2-2: Foul Ball, location: 2F 2-2: Ball 3-2: SINGLE (Groundball, 5D, EV 100.0 MPH) Michael Woodard to second Michael Woodard to third
|
Batting: RHB Joey Black
|
0-0: Ball 1-0: Foul Ball, location: 2F 1-1: Swinging Strike 1-2: Strikes out swinging
|
Bottom of the 3rd over - 0 runs, 1 hit, 0 errors, 2 left on base; Miami Beach 0 - Kelowna 0 |
TOP OF THE 4TH |
Miami Beach Marlins batting - Pitching for Kelowna Heat : RHP Chris Ebersole
|
Batting: LHB Henry Huezo
|
0-0: Called Strike 0-1: Ball 1-1: Foul Ball, location: 2F 1-2: Strikes out swinging
|
Batting: RHB Timo Myers
|
0-0: Ball 1-0: Ball 2-0: Foul Ball, location: 2F 2-1: Ball 3-1: Called Strike 3-2: Strikes out swinging
|
Batting: RHB Dustin Baker
|
0-0: Ball 1-0: Ground out 4-3 (Groundball, 4S, EV 81.2 MPH)
|
Top of the 4th over - 0 runs, 0 hits, 0 errors, 0 left on base; Miami Beach 0 - Kelowna 0 |
BOTTOM OF THE 4TH |
Kelowna Heat batting - Pitching for Miami Beach Marlins : RHP Jonathan Wheatley
|
Batting: RHB Jose Sanchez
|
0-0: Called Strike 0-1: Ball 1-1: Foul Ball, location: 2F 1-2: Ball 2-2: Ball 3-2: Fly out, F8 (Flyball, 8LXD, EV 88.1 MPH)
|
Batting: LHB Willy Berrios
|
0-0: Ball 1-0: Called Strike 1-1: Fly out, F8 (Flyball, 8RM, EV 88.8 MPH)
|
Batting: LHB Robert Leary
|
0-0: Fly out, F6 (Flyball, 6D, EV 83.1 MPH)
|
Bottom of the 4th over - 0 runs, 0 hits, 0 errors, 0 left on base; Miami Beach 0 - Kelowna 0 |
TOP OF THE 5TH |
Miami Beach Marlins batting - Pitching for Kelowna Heat : RHP Chris Ebersole
|
Batting: RHB Mike Day
|
0-0: Ball 1-0: Ground out 4-3 (Groundball, 4M, EV 89.4 MPH)
|
Batting: RHB Bill Atley
|
0-0: DOUBLE (Groundball, 3L, EV 105.0 MPH)
|
Batting: LHB Luis Ortegon
|
0-0: Ball 1-0: Called Strike 1-1: Foul Ball, location: 2F 1-2: Ground out 2-3 (Groundball, 13S, EV 68.1 MPH) Bill Atley to third
|
Batting: RHB Torquato Uso
|
0-0: Swinging Strike 0-1: Ball 1-1: Ball 2-1: Ball 3-1: Base on Balls
|
Batting: SHB Emmet Brickowski
|
0-0: Called Strike 0-1: Foul Ball, location: 2F 0-2: Strikes out looking
|
Top of the 5th over - 0 runs, 1 hit, 0 errors, 2 left on base; Miami Beach 0 - Kelowna 0 |
BOTTOM OF THE 5TH |
Kelowna Heat batting - Pitching for Miami Beach Marlins : RHP Jonathan Wheatley
|
Batting: RHB Glen Limeburner
|
0-0: Ball 1-0: Ball 2-0: Foul Ball, location: 2F 2-1: Foul Ball, location: 2F 2-2: Ball 3-2: Foul Ball, location: 2F 3-2: Ground out 5-3 (Groundball, 25, EV 91.9 MPH)
|
Batting: RHB Jason Fink
|
0-0: Swinging Strike 0-1: Fly out, F7 (Flyball, 78D, EV 94.4 MPH)
|
Batting: RHB Soichi Kaneshiro
|
0-0: Ground out 6-3 (Groundball, 6, EV 83.8 MPH)
|
Bottom of the 5th over - 0 runs, 0 hits, 0 errors, 0 left on base; Miami Beach 0 - Kelowna 0 |
TOP OF THE 6TH |
Miami Beach Marlins batting - Pitching for Kelowna Heat : RHP Chris Ebersole
|
Batting: RHB Orlando Melendres
|
0-0: Ball 1-0: Ground out 6-3 (Groundball, 6, EV 106.2 MPH)
|
Batting: LHB Henry Huezo
|
0-0: Ball 1-0: Swinging Strike 1-1: Ball 2-1: Foul Ball, location: 2F 2-2: Foul Ball, location: 2F 2-2: Fly out, F7 (Flyball, 7, EV 77.5 MPH)
|
Batting: RHB Timo Myers
|
0-0: Called Strike 0-1: Swinging Strike 0-2: Strikes out looking
|
Top of the 6th over - 0 runs, 0 hits, 0 errors, 0 left on base; Miami Beach 0 - Kelowna 0 |
BOTTOM OF THE 6TH |
Kelowna Heat batting - Pitching for Miami Beach Marlins : RHP Jonathan Wheatley
|
Batting: SHB Michael Woodard
|
0-0: Ball 1-0: Swinging Strike 1-1: Ball 2-1: Swinging Strike 2-2: Ball 3-2: Foul Ball, location: 2F 3-2: Foul Ball, location: 2F 3-2: DOUBLE (Line Drive, 5D, EV 99.4 MPH)
|
Batting: LHB Alex Larangho
|
0-0: Ball 1-0: Ball 2-0: Ball 3-0: Swinging Strike 3-1: Called Strike 3-2: Ground out 6-3 (Groundball, 6MD, EV 110.6 MPH) Michael Woodard to third
|
Batting: RHB Joey Black
|
0-0: Swinging Strike 0-1: Foul Ball, location: 2F 0-2: Ball Wild Pitch! Michael Woodard scores 1-2: Ball 2-2: Ball 3-2: Ground out 5-3 (Groundball, 56S, EV 83.8 MPH)
|
Batting: RHB Jose Sanchez
|
0-0: Ball 1-0: Ball 2-0: Swinging Strike 2-1: Ball 3-1: Fly out, F7 (Flyball, 7D, EV 88.8 MPH)
|
Bottom of the 6th over - 1 run, 1 hit, 0 errors, 0 left on base; Miami Beach 0 - Kelowna 1 |
TOP OF THE 7TH |
Miami Beach Marlins batting - Pitching for Kelowna Heat : RHP Chris Ebersole
|
Batting: RHB Kazumi Inouye
|
0-0: Ball 1-0: SINGLE (Groundball, 3D, EV 98.8 MPH)
|
Pinch Hitting: LHB Takao Ogura
|
0-0: Called Strike 0-1: Ball 1-1: Swinging Strike 1-2: Strikes out swinging
|
Batting: RHB Bill Atley
|
0-0: Ball Kazumi Inouye is caught stealing 2nd base 2-4 1-0: Called Strike 1-1: Foul Ball, location: 2F 1-2: SINGLE (Groundball, 4MD, EV 93.8 MPH)
|
Batting: LHB Luis Ortegon
|
0-0: Called Strike 0-1: Ball 1-1: Foul Ball, location: 2F 1-2: SINGLE (Groundball, 6S, EV 71.9 MPH) (infield hit) Bill Atley to second
|
Batting: RHB Torquato Uso
|
0-0: Foul Ball, location: 2F 0-1: Ball 1-1: Swinging Strike 1-2: Ball 2-2: Ball 3-2: Ground out 6-3 (Groundball, 6S, EV 75.0 MPH)
|
Top of the 7th over - 0 runs, 3 hits, 0 errors, 2 left on base; Miami Beach 0 - Kelowna 1 |
BOTTOM OF THE 7TH |
Kelowna Heat batting - Pitching for Miami Beach Marlins : RHP Jonathan Wheatley
|
Now in LF: Christian Gentille
|
|
Batting: LHB Willy Berrios
|
0-0: Called Strike 0-1: Fly out, F7 (Flyball, 7LS, EV 89.4 MPH)
|
Batting: LHB Robert Leary
|
0-0: Ball 1-0: Ball 2-0: Ball 3-0: Called Strike 3-1: Fly out, F8 (Flyball, 8LD, EV 104.4 MPH)
|
Batting: RHB Glen Limeburner
|
0-0: Ball 1-0: Ball 2-0: Foul Ball, location: 2F 2-1: Swinging Strike 2-2: Ball 3-2: Strikes out swinging
|
Bottom of the 7th over - 0 runs, 0 hits, 0 errors, 0 left on base; Miami Beach 0 - Kelowna 1 |
TOP OF THE 8TH |
Miami Beach Marlins batting - Pitching for Kelowna Heat : RHP Chris Ebersole
|
Pitching: RHP Cody Sharp
|
|
Batting: SHB Emmet Brickowski
|
0-0: Ball 1-0: Foul Ball, location: 2F 1-1: Foul Ball, location: 2F 1-2: Strikes out swinging
|
Batting: RHB Orlando Melendres
|
0-0: Swinging Strike 0-1: Foul Ball, location: 2F 0-2: SOLO HOME RUN (Flyball, 7D, EV 96.9 MPH), Distance : 378 ft
|
Batting: LHB Henry Huezo
|
0-0: Foul Ball, location: 2F 0-1: Ball 1-1: Foul Ball, location: 2F 1-2: Strikes out swinging
|
Pinch Hitting: RHB Melvin Nava
|
0-0: Ground out 5-3 (Groundball, 56S, EV 78.8 MPH)
|
Top of the 8th over - 1 run, 1 hit, 0 errors, 0 left on base; Miami Beach 1 - Kelowna 1 |
BOTTOM OF THE 8TH |
Kelowna Heat batting - Pitching for Miami Beach Marlins : RHP Jonathan Wheatley
|
Pitching: RHP Franklin Vazquez
|
|
Now at 1B: Melvin Nava
|
|
Now at 3B: Emmet Brickowski
|
|
Batting: RHB Jason Fink
|
0-0: Ball 1-0: Swinging Strike 1-1: Ball 2-1: Ground out 6-3 (Groundball, 6, EV 89.4 MPH)
|
Pinch Hitting: LHB Ricardo Torres
|
0-0: Ball 1-0: Foul Ball, location: 2F 1-1: Swinging Strike 1-2: Ball 2-2: Ball 3-2: Strikes out swinging
|
Batting: SHB Michael Woodard
|
0-0: Called Strike 0-1: Ball 1-1: Ball 2-1: Ball 3-1: Called Strike 3-2: Base on Balls
|
Batting: LHB Alex Larangho
|
0-0: Called Strike 0-1: Fly out, F7 (Flyball, 7S, EV 92.5 MPH)
|
Bottom of the 8th over - 0 runs, 0 hits, 0 errors, 1 left on base; Miami Beach 1 - Kelowna 1 |
TOP OF THE 9TH |
Miami Beach Marlins batting - Pitching for Kelowna Heat : RHP Cody Sharp
|
Now at SS: Sean Gilbert
|
|
Batting: RHB Kazumi Inouye
|
0-0: Ball 1-0: Ground out 3-1 (Groundball, 34, EV 80.0 MPH)
|
Pinch Hitting: RHB Scott Talbot
|
0-0: Foul Ball, location: 2F 0-1: Foul Ball, location: 2F 0-2: Foul Ball, location: 2F 0-2: Foul Ball, location: 2F 0-2: Foul Ball, location: 2F 0-2: Ball 1-2: Foul Ball, location: 2F 1-2: Ball 2-2: Foul Ball, location: 2F 2-2: Ball 3-2: Fly out, F9 (Flyball, 89S, EV 76.9 MPH)
|
Batting: RHB Bill Atley
|
0-0: Ball 1-0: Called Strike 1-1: Ball 2-1: Ball 3-1: Base on Balls
|
Batting: LHB Luis Ortegon
|
0-0: Foul Ball, location: 2F 0-1: Swinging Strike 0-2: Ball Bill Atley is caught stealing 2nd base 2-6
|
Top of the 9th over - 0 runs, 0 hits, 0 errors, 0 left on base; Miami Beach 1 - Kelowna 1 |
BOTTOM OF THE 9TH |
Kelowna Heat batting - Pitching for Miami Beach Marlins : RHP Franklin Vazquez
|
Now in LF: Henry Huezo
|
|
Now in CF: Jim Smallwood
|
|
Batting: RHB Joey Black
|
0-0: Foul Ball, location: 2F 0-1: Fly out, F7 (Line Drive, 7, EV 86.2 MPH)
|
Batting: RHB Jose Sanchez
|
0-0: Ball 1-0: Ball 2-0: Ball 3-0: Called Strike 3-1: Called Strike 3-2: Strikes out swinging
|
Batting: LHB Willy Berrios
|
0-0: Foul Ball, location: 2F 0-1: Swinging Strike 0-2: Ball 1-2: Strikes out swinging
|
Bottom of the 9th over - 0 runs, 0 hits, 0 errors, 0 left on base; Miami Beach 1 - Kelowna 1 |
TOP OF THE 10TH |
Miami Beach Marlins batting - Pitching for Kelowna Heat : RHP Cody Sharp
|
Pitching: RHP Carlos Florez
|
|
Batting: LHB Luis Ortegon
|
0-0: Ball 1-0: Foul Ball, location: 2F 1-1: SINGLE (Line Drive, 56, EV 98.8 MPH)
|
Batting: RHB Torquato Uso
|
0-0: Ball 1-0: Called Strike 1-1: Foul Ball, location: 2F 1-2: Strikes out swinging
|
Batting: SHB Emmet Brickowski
|
0-0: Called Strike 0-1: Called Strike 0-2: Ball 1-2: Strikes out looking
|
Batting: RHB Orlando Melendres
|
0-0: Ball Luis Ortegon steals 2nd, throwing error, E2 Luis Ortegon to third 1-0: Foul Ball, location: 2F 1-1: Foul Ball, location: 2F 1-2: Ball 2-2: Ball 3-2: Fly out, F8 (Flyball, 8RD, EV 96.2 MPH)
|
Top of the 10th over - 0 runs, 1 hit, 1 error, 1 left on base; Miami Beach 1 - Kelowna 1 |
BOTTOM OF THE 10TH |
Kelowna Heat batting - Pitching for Miami Beach Marlins : RHP Franklin Vazquez
|
Pitching: LHP Doug Whitling
|
|
Pinch Hitting: RHB Mike Storey
|
0-0: Ball 1-0: Called Strike 1-1: Ball 2-1: Swinging Strike 2-2: Strikes out swinging, 2-3 out at first.
|
Batting: RHB Glen Limeburner
|
0-0: Called Strike 0-1: Foul Ball, location: 2F 0-2: Ground out U3 (Groundball, 3, EV 108.1 MPH)
|
Batting: RHB Jason Fink
|
0-0: Ball 1-0: Called Strike 1-1: Ball 2-1: Ball 3-1: Base on Balls
|
Batting: RHB Sean Gilbert
|
Balk! Jason Fink to second 0-0: Ball 1-0: Called Strike 1-1: Foul Ball, location: 2F 1-2: Strikes out swinging
|
Bottom of the 10th over - 0 runs, 0 hits, 0 errors, 1 left on base; Miami Beach 1 - Kelowna 1 |
TOP OF THE 11TH |
Miami Beach Marlins batting - Pitching for Kelowna Heat : RHP Carlos Florez
|
Now in RF: Mike Storey
|
|
Batting: LHB Henry Huezo
|
0-0: Called Strike 0-1: Swinging Strike 0-2: Foul Ball, location: 2F 0-2: Ball 1-2: Foul Ball, location: 2F 1-2: Strikes out swinging
|
Batting: RHB Melvin Nava
|
0-0: Ball 1-0: Foul Ball, location: 2F 1-1: Foul Ball, location: 2F 1-2: Foul Ball, location: 2F 1-2: Foul Ball, location: 2F 1-2: Ball 2-2: Ball 3-2: Strikes out swinging
|
Pitching: RHP Newt Reid
|
|
Batting: RHB Kazumi Inouye
|
0-0: Fly out, F4 (Line Drive, 4MD, EV 70.0 MPH)
|
Top of the 11th over - 0 runs, 0 hits, 0 errors, 0 left on base; Miami Beach 1 - Kelowna 1 |
BOTTOM OF THE 11TH |
Kelowna Heat batting - Pitching for Miami Beach Marlins : LHP Doug Whitling
|
Batting: SHB Michael Woodard
|
0-0: Ball 1-0: Called Strike 1-1: Ball 2-1: Ball 3-1: Called Strike 3-2: Base on Balls
|
Batting: LHB Alex Larangho
|
0-0: Foul Ball, location: 2F 0-1: Foul Ball, location: 2F 0-2: Foul Ball, location: 2F 0-2: Foul Ball, location: 2F 0-2: Strikes out looking
|
Batting: RHB Joey Black
|
0-0: Ball 1-0: Ball 2-0: Foul Ball, location: 2F 2-1: Ball 3-1: Base on Balls Michael Woodard to second
|
Batting: RHB Jose Sanchez
|
0-0: Ball 1-0: Foul Ball, location: 2F 1-1: Fly out, F7 (Flyball, 7D, EV 91.9 MPH)
|
Batting: LHB Willy Berrios
|
0-0: Foul Ball, location: 2F 0-1: Ball 1-1: Ball 2-1: Foul Ball, location: 2F 2-2: Strikes out swinging
|
Bottom of the 11th over - 0 runs, 0 hits, 0 errors, 2 left on base; Miami Beach 1 - Kelowna 1 |
TOP OF THE 12TH |
Miami Beach Marlins batting - Pitching for Kelowna Heat : RHP Newt Reid
|
Pitching: RHP Wally Dethridge
|
|
Batting: RHB Jim Smallwood
|
0-0: Called Strike 0-1: Ball 1-1: Foul Ball, location: 2F 1-2: Fly out, F7 (Line Drive, 7S, EV 103.1 MPH)
|
Batting: RHB Bill Atley
|
0-0: Ball 1-0: Foul Ball, location: 2F 1-1: Foul Ball, location: 2F 1-2: Strikes out swinging, 2-3 out at first.
|
Pitching: RHP James Jenkins
|
|
Batting: LHB Luis Ortegon
|
0-0: Ball 1-0: Ball 2-0: Foul Ball, location: 2F 2-1: Fly out, F4 (Line Drive, 4M, EV 66.2 MPH)
|
Top of the 12th over - 0 runs, 0 hits, 0 errors, 0 left on base; Miami Beach 1 - Kelowna 1 |
BOTTOM OF THE 12TH |
Kelowna Heat batting - Pitching for Miami Beach Marlins : LHP Doug Whitling
|
Pitching: LHP Marco Mendez
|
|
Batting: RHB Mike Storey
|
0-0: Swinging Strike 0-1: Called Strike 0-2: Ball 1-2: Ball 2-2: Ball 3-2: Base on Balls
|
Batting: RHB Glen Limeburner
|
0-0: Called Strike 0-1: Ball 1-1: Swinging Strike 1-2: Strikes out swinging
|
Batting: RHB Jason Fink
|
0-0: Swinging Strike 0-1: Fly out, F5 (Line Drive, 5, EV 70.6 MPH)
|
Batting: RHB Sean Gilbert
|
0-0: Called Strike 0-1: Foul Ball, location: 2F 0-2: Ball 1-2: Foul Ball, location: 2F 1-2: Foul Ball, location: 2F 1-2: Strikes out swinging
|
Bottom of the 12th over - 0 runs, 0 hits, 0 errors, 1 left on base; Miami Beach 1 - Kelowna 1 |
TOP OF THE 13TH |
Miami Beach Marlins batting - Pitching for Kelowna Heat : RHP James Jenkins
|
Batting: RHB Torquato Uso
|
0-0: Called Strike 0-1: Ball 1-1: Ball 2-1: Foul Ball, location: 2F 2-2: Ball 3-2: Foul Ball, location: 2F 3-2: Ground out 1-3 (Groundball, 23, EV 67.5 MPH)
|
Batting: SHB Emmet Brickowski
|
0-0: Ball 1-0: Fly out, F9 (Flyball, 9, EV 85.6 MPH)
|
Batting: RHB Orlando Melendres
|
0-0: Called Strike 0-1: Foul Ball, location: 2F 0-2: Ground out 1-3 (Groundball, P, EV 71.9 MPH)
|
Top of the 13th over - 0 runs, 0 hits, 0 errors, 0 left on base; Miami Beach 1 - Kelowna 1 |
BOTTOM OF THE 13TH |
Kelowna Heat batting - Pitching for Miami Beach Marlins : LHP Marco Mendez
|
Batting: SHB Michael Woodard
|
0-0: Foul Ball, location: 2F 0-1: Foul Ball, location: 2F 0-2: Ball 1-2: Foul Ball, location: 2F 1-2: Foul Ball, location: 2F 1-2: Strikes out swinging
|
Batting: LHB Alex Larangho
|
0-0: Called Strike 0-1: Ball 1-1: Ground out 4-3 (Groundball, 4, EV 85.0 MPH)
|
Batting: RHB Joey Black
|
0-0: Called Strike 0-1: Swinging Strike 0-2: Strikes out swinging
|
Bottom of the 13th over - 0 runs, 0 hits, 0 errors, 0 left on base; Miami Beach 1 - Kelowna 1 |
TOP OF THE 14TH |
Miami Beach Marlins batting - Pitching for Kelowna Heat : RHP James Jenkins
|
Batting: LHB Henry Huezo
|
0-0: Swinging Strike 0-1: Ball 1-1: Ball 2-1: Ball 3-1: Foul Ball, location: 2F 3-2: Foul Ball, location: 2F 3-2: Fly out, F8 (Line Drive, 8RD, EV 99.4 MPH)
|
Batting: RHB Melvin Nava
|
0-0: Ball 1-0: Foul Ball, location: 2F 1-1: Ball 2-1: Ball 3-1: Foul Ball, location: 2F 3-2: Base on Balls
|
Batting: RHB Kazumi Inouye
|
0-0: Fielders Choice at 2nd, 6-4 (Groundball, 6M, EV 98.1 MPH)
|
Batting: RHB Jim Smallwood
|
0-0: Called Strike Kazumi Inouye steals 2nd base 0-1: Foul Ball, location: 2F 0-2: Foul Ball, location: 2F 0-2: Ball 1-2: Strikes out looking
|
Top of the 14th over - 0 runs, 0 hits, 0 errors, 1 left on base; Miami Beach 1 - Kelowna 1 |
BOTTOM OF THE 14TH |
Kelowna Heat batting - Pitching for Miami Beach Marlins : LHP Marco Mendez
|
Batting: RHB Jose Sanchez
|
0-0: Called Strike 0-1: Ball 1-1: Ball 2-1: Called Strike 2-2: Foul Ball, location: 2F 2-2: Foul Ball, location: 2F 2-2: Strikes out swinging
|
Batting: LHB Willy Berrios
|
0-0: Fly out, F9 (Flyball, 9S, EV 94.4 MPH)
|
Batting: RHB Mike Storey
|
0-0: Ball 1-0: Foul Ball, location: 2F 1-1: Foul Ball, location: 2F 1-2: SINGLE (Groundball, 34S, EV 66.2 MPH) (infield hit)
|
Batting: RHB Glen Limeburner
|
0-0: Called Strike 0-1: Foul Ball, location: 2F 0-2: Ball 1-2: Ball 2-2: Fly out, F7 (Flyball, 78M, EV 88.1 MPH)
|
Bottom of the 14th over - 0 runs, 1 hit, 0 errors, 1 left on base; Miami Beach 1 - Kelowna 1 |
TOP OF THE 15TH |
Miami Beach Marlins batting - Pitching for Kelowna Heat : RHP James Jenkins
|
Pitching: RHP Edward Jones
|
|
Batting: RHB Bill Atley
|
0-0: Foul Ball, location: 2F 0-1: Ball 1-1: Swinging Strike 1-2: Ball 2-2: Ball 3-2: Foul Ball, location: 2F 3-2: Foul Ball, location: 2F 3-2: Base on Balls
|
Batting: LHB Luis Ortegon
|
0-0: Swinging Strike 0-1: Ball 1-1: Bunted foul 1-2: Ball 2-2: Foul Ball, location: 2F 2-2: 2-RUN HOME RUN (Flyball, 9D, EV 98.8 MPH), Distance : 390 ft
|
Batting: RHB Torquato Uso
|
0-0: Called Strike 0-1: Fly out, F8 (Flyball, 89M, EV 80.6 MPH)
|
Batting: SHB Emmet Brickowski
|
0-0: Ball 1-0: Called Strike 1-1: Swinging Strike 1-2: Ball 2-2: Ball 3-2: Base on Balls
|
Batting: RHB Orlando Melendres
|
0-0: Called Strike 0-1: Grounds into double play, 4-6-3 (Groundball, 4, EV 85.6 MPH)
|
Top of the 15th over - 2 runs, 1 hit, 0 errors, 0 left on base; Miami Beach 3 - Kelowna 1 |
BOTTOM OF THE 15TH |
Kelowna Heat batting - Pitching for Miami Beach Marlins : LHP Marco Mendez
|
Pitching: RHP Matt Niblett
|
|
Now in RF: Josh Jones
|
|
Pinch Hitting: LHB Caleb Hartwell
|
0-0: Ball 1-0: Called Strike 1-1: Foul Ball, location: 2F 1-2: Ball 2-2: Ball 3-2: Fly out, F7 (Flyball, 7, EV 81.2 MPH)
|
Batting: RHB Sean Gilbert
|
0-0: Swinging Strike 0-1: Called Strike 0-2: Strikes out swinging
|
Batting: SHB Michael Woodard
|
0-0: Called Strike 0-1: Foul Ball, location: 2F 0-2: Ground out 6-3 (Groundball, 6, EV 88.1 MPH)
|
Bottom of the 15th over - 0 runs, 0 hits, 0 errors, 0 left on base; Miami Beach 3 - Kelowna 1 |
|